 Dungeon Crawl Stone Soup version 0.30-a0-458-g86641cc369 (webtiles) character file.

Game seed: 10712961018056141508

42415 Angani the Blocker (level 13, 0/100 HPs)
             Began as a Black Draconian Hexslinger on Dec 14, 2022.
             Was a High Priest of Fedhas.
             Succumbed to a cane toad's poison
             ... on level 4 of the Lair of Beasts.
             The game lasted 01:03:49 (22889 turns).

Angani the Blocker (Black Draconian Hexslinger)    Turns: 22889, Time: 01:03:49

Health: 0/100      AC: 12    Str: 14    XL:     13   Next: 85%
Magic:  22/25      EV: 11    Int: 15    God:    Fedhas [*****.]
Gold:   930        SH: 16    Dex: 14    Spells: 10/28 levels left

rFire   . . .      SeeInvis +    h - +2 sling (elec)
rCold   + + .      Faith    +    P - +4 kite shield of Icwirut {rElec rF+ SInv}
rNeg    . . .      Spirit   .    (body armour unavailable)
rPois   .          Reflect  .    (helmet restricted)
rElec   +          Harm     .    Y - +0 cloak
rCorr   .          Rampage  .    (no gloves)
Will    .....                    G - +2 pair of boots
Stlth   +.........               N - amulet of faith
HPRegen 0.36/turn                H - ring of ice
MPRegen 0.19/turn                T - ring of protection from cold

@: lethally poisoned (0 -> -5)
A: breathe lightning, AC +8, unfitting armour, electricity resistance,
cold-blooded
a: Breathe Lightning, Renounce Religion, Wall of Briars, Grow Ballistomycete,
Overgrow, Grow Oklob


You were on level 4 of the Lair of Beasts.
You worshipped Fedhas.
Fedhas was extremely pleased with you.
You visited 2 branches of the dungeon, and saw 17 of its levels.
You also visited: Sewer and Ice Cave.

You collected 1236 gold pieces.
You spent 306 gold pieces at shops.

Inventory:

Hand Weapons
 h - a +2 sling of electrocution (weapon)
Missiles
 d - 72 poisoned darts
 z - 2 throwing nets
Armour
 G - a +2 pair of boots (worn)
 P - the +4 kite shield of Icwirut (worn) {rElec rF+ SInv}
   (You acquired it on level 10 of the Dungeon)

   rF:        It protects you from fire.
   rElec:     It insulates you from electricity.
   SInv:      It lets you see invisible.
 Y - a +0 cloak (worn)
Jewellery
 m - a ring of poison resistance
 D - a +6 ring of intelligence
 H - a ring of ice (left hand)
 K - a ring of resist corrosion
 N - an amulet of faith (around neck)
 T - a ring of protection from cold (right hand)
 V - a ring of protection from fire
 W - the ring of Feballic {rN+ Str+6}
   (You found it on level 2 of the Lair of Beasts)

   [ring of strength]

   Str:       It affects your strength (+6).
   rN:        It protects you from negative energy.
 X - a ring of protection from fire
 Z - a ring of willpower
Wands
 t - a wand of roots (7)
 x - a wand of charming (14)
 y - a wand of flame (20)
 B - a wand of mindburst (9)
 R - a wand of acid (4)
 S - a wand of polymorph (7)
Scrolls
 a - 4 scrolls of immolation
 b - 5 scrolls of poison
 e - a scroll of silence
 i - a scroll of torment
 k - 8 scrolls of teleportation
 p - a scroll of summoning
 r - 7 scrolls of fog
 u - a scroll of blinking
 A - 2 scrolls of vulnerability
 E - a scroll of amnesia
 F - 4 scrolls of enchant weapon
 J - 3 scrolls of fear
 L - a scroll of identify
 Q - 2 scrolls of enchant armour
Potions
 c - 3 potions of brilliance
 f - 3 potions of berserk rage
 g - 9 potions of curing
 j - 2 potions of might
 l - 8 potions of lignification
 n - 2 potions of magic
 o - a potion of invisibility
 q - 4 potions of mutation
 s - 3 potions of heal wounds
 v - 5 potions of attraction
 w - a potion of resistance
 C - 2 potions of haste
 I - a potion of cancellation
 M - 2 potions of degeneration
 U - a potion of ambrosia
Miscellaneous
 O - a condenser vane


   Skills:
 - Level 5.0 Fighting
 - Level 6.0 Ranged Weapons
 - Level 1.7 Dodging
 - Level 12.0 Shields
 + Level 8.0 Spellcasting
 + Level 9.0 Hexes
 + Level 6.6 Fire Magic
 - Level 9.3 Poison Magic
 - Level 11.6 Invocations


You had 10 spell levels left.
You knew the following spells:

 Your Spells              Type           Power      Damage    Failure   Level
a - Slow                  Hex            100%       N/A       1%          1
b - Inner Flame           Hex/Fire       29%        N/A       3%          3
c - Portal Projectile     Hex/Tloc       38%        N/A       12%         3
d - Cause Fear            Hex            16%        N/A       6%          4
e - Poisonous Vapours     Pois/Air       40%        N/A       5%          2
f - Olgreb's Toxic Radia  Pois           34%        N/A       5%          4
g - Apportation           Tloc           12%        N/A       24%         1

Your spell library contained the following spells:

 Spells                   Type           Power      Damage    Failure   Level
 Confusing Touch          Hex            33%        N/A       1%          3
 Tukima's Dance           Hex            33%        N/A       1%          3
 Sting                    Tmut/Pois      80%        1d7       3%          1
 Ignite Poison            Fire/Tmut/Pois 21%        N/A       9%          3
 Freeze                   Ice            36%        1d5       24%         1
 Kiss of Death            Conj/Necr      24%        2d7       24%         1
 Necrotise                Necr           24%        1d5       24%         1
 Summon Small Mammal      Summ           24%        N/A       24%         1
 Kindle Blastsparks       Fire/Tloc/Air  24%        2d12      30%         3
 Flame Wave               Conj/Fire      15%        2d7       54%         4
 Sticky Flame             Conj/Fire      15%        2d4       54%         4
 Frozen Ramparts          Ice            18%        1d3       58%         3
 Hailstorm                Conj/Ice       9%         3d4       58%         3
 Ozocubu's Armour         Ice            9%         N/A       58%         3
 Vhi's Electric Charge    Tloc/Air       12%        N/A       58%         3
 Yara's Violent Unravell  Hex/Tmut       9%         3d6       71%         5
 Dispel Undead            Necr           6%         3d8       94%         4
 Passage of Golubria      Tloc           6%         N/A       94%         4
 Arcjolt                  Conj/Air       3%         1d13      100%        5
 Freezing Cloud           Conj/Ice/Air   4%         6-21      100%        5
 Iskenderun's Battlesphe  Conj           6%         2d6       100%        5
 Iron Shot                Conj/Erth      3%         9d2       100%        6
 Ozocubu's Refrigeration  Ice            4%         4d8       100%        7
 Spellforged Servitor     Conj/Summ      3%         N/A       100%        7
 Maxwell's Capacitive Co  Air            3%         ∞         100%        8


Dungeon Overview and Level Annotations

Branches:
Dungeon (13/15)            Temple (0/1) D:7            Lair (4/5) D:11
  Swamp (0/4) Lair:2       Spider (0/4) Lair:3          Orc (0/2) D:12
  Sewer (visited)           IceCv (visited)
  Slime: Lair:4-5    Vaults: D:13-14

Altars:
Cheibriados
Fedhas
Gozag
Makhleb
Sif Muna
Trog
Yredelemnul
The Shining One

Shops:
D:2 (   D:6 :   D:9 *

Annotations:
D:12 Frances
Lair:1 1 runed translucent door
Lair:3 2 transporters, HoaS's ghost, journeyman GrHu


Innate Abilities, Weirdness & Mutations

You can breathe wild blasts of lightning.
Your glossy black scales are hard. (AC +8)
You cannot fit into any form of body armour.
You are resistant to electric shocks. (rElec)
You are cold-blooded and may be slowed by cold attacks.


Message History

Confirm with . or Enter, or press ? or * to list all spells.
Aiming: Inner Flame (mildly dangerous; 3% risk of failure)
Press: ? - help, Dir - move target, f - cane toad
Aim: a cane toad (flame, lightly wounded, chance to affect: 83%)
The cane toad is filled with an inner flame.
The cane toad is engulfed in blazing flames.
Flame seeps out of the cane toad.
The cane toad stings you!!
The cane toad is engulfed in blazing flames.
Flame seeps out of the cane toad.
The cane toad closely misses you.
Unknown command.
You shoot a sling bullet. The sling bullet hits the cane toad.
Flame seeps out of the cane toad.
The cane toad is severely wounded.
The cane toad is engulfed in blazing flames.
Flame seeps out of the cane toad.
The cane toad stings you!
You are poisoned.
The cane toad poisons you!
You feel very sick.
The cane toad is engulfed in blazing flames.
Flame seeps out of the cane toad.
The cane toad attacks as you move away! The cane toad misses you.
You feel very sick.
You shoot a sling bullet.
The sling bullet hits the cane toad but does no damage.
The cane toad is almost dead.
You feel very sick. The cane toad closely misses you.
The cane toad barely misses you.
Unknown command.
You shoot a sling bullet. The sling bullet hits the cane toad!
Lightning courses through the cane toad!
Fedhas appreciates your contribution to the ecosystem.
The cane toad explodes!
Fedhas protects your plant from harm.
Fedhas protects the tree from harm.
The fiery explosion engulfs you!!
* * * LOW HITPOINT WARNING * * *
You are engulfed in blazing flames.
* * * LOW HITPOINT WARNING * * *
x2 You feel sick.
You die...
Fedhas appreciates your contribution to the ecosystem.

#~♣♣.......# ***
##♣PP~.......#***,**
#PP~PP........,,**,****
#♣P≈~.........,,,,,,,*,
#P~~~........P,,,*,*,,,
**~♣PP§†......*****,,,,
*#~P♣§......#** **,,*
#~~*#§§.....#,* *,,,
##**#@.......** ****
##.......#* #........##
##........# #.......##
##........# #.........#
##..>....P# #........#


There were no monsters in sight!

Vanquished Creatures
  4 hydras
  Erica (D:10)
  2 two-headed ogres
  2 boulder beetles
  3 death yaks (D:11)
  A bog body (Lair:2)
  4 ugly things
  3 cyclopes
  6 elephants (Lair:3)
  An ice statue (IceCv)
  2 black mambas
  8 cane toads
  An unseen horror (D:11)
  7 komodo dragons
  3 polar bears
  4 trolls (D:9)
  A hornet (D:9)
  9 blink frogs (Lair:3)
  5 dream sheep (Lair:3)
  18 slime creatures
  2 vampires
  34 yaks
  2 shadows
  A wyvern (D:11)
  A wraith (D:11)
  A basilisk (D:11)
  Edmund (D:4)
  A warg (D:12)
  Menkaure (D:6)
  Pargi (Sewer)
  13 water moccasins
  4 great orb of eyes simulacra (IceCv)
  4 orc warriors
  A sky beast (D:7)
  2 ice beasts
  A black bear (D:8)
  2 ogres
  15 wolves
  6 centaurs
  3 phantoms
  2 slime creature simulacra (IceCv)
  9 kobold brigands
  16 bullfrogs
  A necrophage (D:3)
  4 gnoll sergeants
  3 scorpions
  5 glowing shapeshifter simulacra (IceCv)
  5 wights (D:9)
  6 killer bees
  3 howler monkeys
  5 hounds
  3 jellies
  A gnoll bouda (D:3)
  8 orc priests
  10 orc wizards
  Ijyb (D:5)
  4 iguanas
  3 hell rats (D:11)
  2 polar bear simulacra (Lair:4)
  4 shapeshifter simulacra (IceCv)
  13 gnolls
  6 adders
  2 river rats (D:11)
  3 white imps
  An ufetubus (D:6)
  4 worms
  6 dart slugs
  41 orcs
  9 ball pythons
  8 bats
  3 endoplasms
  3 giant cockroaches (D:1)
  4 goblins
  7 hobgoblins
  3 quokkas
  12 frilled lizards
  31 kobolds
  6 rats
  A butterfly (Lair:2)
439 creatures vanquished.

Vanquished Creatures (collateral kills)
  An azure jelly (IceCv)
  A cane toad (Lair:1)
  3 slime creatures (IceCv)
  A great orb of eyes simulacrum (IceCv)
  A slime creature simulacrum (IceCv)
7 creatures vanquished.

Vanquished Creatures (others)
  A howler monkey (D:11)
  17 fungi
  42 plants
60 creatures vanquished.

Grand Total: 506 creatures vanquished

Notes
Turn   | Place    | Note
-------+----------+-------------------------------------------
     0 | D:1      | Angani the Draconian Hexslinger began the quest for the
                  | Orb.
     0 | D:1      | Reached XP level 1. HP: 16/16 MP: 2/2
   106 | D:1      | Reached XP level 2. HP: 22/23 MP: 3/3
   884 | D:2      | Reached XP level 3. HP: 29/29 MP: 5/5
   925 | D:2      | Found Obuur's Weapon Boutique.
  1456 | D:3      | Reached XP level 4. HP: 36/36 MP: 6/6
  1478 | D:3      | Found a faded altar of an unknown god.
  1484 | D:3      | Prayed at the altar of an unknown god.
  1484 | D:3      | Became a worshipper of Fedhas Madash
  1484 | D:3      | Reached * piety under Fedhas
  1581 | D:3      | Found a glowing drain.
  1581 | D:3      | Noticed a necrophage
  1584 | D:3      | Killed a necrophage
  1585 | D:3      | Reached XP level 5. HP: 35/44 MP: 8/8
  1592 | Sewer    | Entered a sewer
  1687 | Sewer    | Noticed Pargi
  1702 | Sewer    | Killed Pargi
  1702 | Sewer    | Reached ** piety under Fedhas
  1703 | Sewer    | Reached XP level 6. HP: 51/51 MP: 8/10
  1806 | D:3      | Learned a level 3 spell: Inner Flame
  1812 | D:3      | Learned a level 3 spell: Portal Projectile
  2488 | D:4      | Noticed an orc warrior
  2517 | D:3      | Killed an orc warrior
  2635 | D:4      | Learned a level 4 spell: Cause Fear
  3072 | D:4      | Noticed Edmund
  3096 | D:4      | Killed Edmund
  3097 | D:4      | Reached skill level 1 in Invocations
  3097 | D:4      | Your scales start taking on a glossy black colour.
  3097 | D:4      | Reached XP level 7. HP: 59/59 MP: 9/11
  3097 | D:4      | Gained mutation: You are resistant to electric shocks.
                  | (rElec) [Black Draconian growth]
  3512 | D:4      | Found an opulent altar of Gozag.
  3522 | D:4      | Found a basalt altar of Yredelemnul.
  3804 | D:5      | Entered Level 5 of the Dungeon
  3852 | D:5      | Found a snail-covered altar of Cheibriados.
  4168 | D:5      | Reached *** piety under Fedhas
  4639 | D:5      | Noticed Ijyb
  4670 | D:5      | Killed Ijyb
  4671 | D:5      | Reached skill level 5 in Fighting
  4671 | D:5      | Reached skill level 5 in Hexes
  5189 | D:6      | Reached XP level 8. HP: 66/68 MP: 9/12
  5217 | D:6      | Found Ureotwiny's Book Emporium.
  5441 | D:6      | Reached skill level 5 in Ranged Weapons
  5575 | D:6      | Noticed Menkaure
  5585 | D:6      | Killed Menkaure
  5785 | D:6      | Reached **** piety under Fedhas
  5786 | D:6      | Reached skill level 5 in Invocations
  6183 | D:6      | Reached XP level 9. HP: 74/74 MP: 13/13
  6443 | D:7      | Learned a level 2 spell: Poisonous Vapours
  6522 | D:7      | Found a staircase to the Ecumenical Temple.
  6553 | D:7      | Noticed a cyclops
  6565 | D:7      | Killed a cyclops
  6770 | D:7      | Found a large runed translucent door.
  6771 | D:7      | Found a large runed translucent door.
  7561 | D:7      | Found a burning altar of Makhleb.
  7570 | D:7      | Found a shimmering blue altar of Sif Muna.
  8003 | D:8      | Identified the +0 ring mail of Qazlal's Condemnation {Fly
                  | rCorr Int-4}
  8033 | D:8      | Reached skill level 5 in Spellcasting
  8039 | D:8      | Learned a level 4 spell: Olgreb's Toxic Radiance
  8262 | D:9      | Found Cocwam's General Store.
  8328 | D:9      | Reached ***** piety under Fedhas
  8337 | D:9      | Bought a scroll of silence for 114 gold pieces
  8337 | D:9      | Bought a scroll of fear for 48 gold pieces
  8337 | D:9      | Bought a potion of magic for 96 gold pieces
  8337 | D:9      | Bought a scroll of poison for 48 gold pieces
  8360 | D:9      | Noticed a troll
  8380 | D:9      | Killed a troll
  8385 | D:9      | Noticed a komodo dragon
  8393 | D:9      | Killed a komodo dragon
  8394 | D:9      | Reached XP level 10. HP: 81/81 MP: 4/17
  8450 | D:9      | Reached skill level 5 in Poison Magic
  8499 | D:9      | Noticed a brown ugly thing
  8556 | D:9      | Killed a brown ugly thing
  8657 | D:9      | Noticed a boulder beetle
  8670 | D:9      | Killed a boulder beetle
  9355 | D:9      | Noticed a two-headed ogre
  9362 | D:9      | Killed a two-headed ogre
  9363 | D:9      | Reached skill level 10 in Invocations
  9910 | D:9      | Reached XP level 11. HP: 47/84 MP: 12/18
 10425 | D:10     | Entered Level 10 of the Dungeon
 11137 | D:10     | Found a glowing golden altar of the Shining One.
 11138 | D:10     | Identified a scroll of acquirement
 11141 | D:10     | Acquired the +4 kite shield of Icwirut {rElec rF+ SInv}
 11326 | D:11     | Noticed a red ugly thing
 11364 | D:11     | Killed a red ugly thing
 11364 | D:11     | Reached ****** piety under Fedhas
 11365 | D:11     | Reached skill level 2 in Shields
 11465 | D:11     | Noticed a death yak
 11486 | D:11     | Killed a death yak
 11487 | D:11     | Reached skill level 3 in Shields
 11733 | D:11     | Reached skill level 4 in Shields
 11834 | D:10     | Noticed Erica
 11847 | D:10     | Killed Erica
 11848 | D:10     | Reached skill level 5 in Shields
 12154 | D:11     | Reached skill level 6 in Shields
 12386 | D:11     | Noticed a death yak
 12388 | D:11     | Noticed a death yak
 12408 | D:11     | Killed a death yak
 12408 | D:11     | Killed a death yak
 12409 | D:11     | Reached skill level 7 in Shields
 12409 | D:11     | Reached XP level 12. HP: 60/94 MP: 0/20
 12409 | D:11     | Noticed a boulder beetle
 12740 | D:11     | Found a staircase to the Lair.
 12930 | D:11     | Killed a boulder beetle
 12931 | D:11     | Reached skill level 8 in Shields
 13238 | D:11     | Reached skill level 9 in Shields
 13868 | D:12     | Found a staircase to the Orcish Mines.
 14496 | D:12     | Noticed a two-headed ogre
 14516 | D:12     | Killed a two-headed ogre
 14608 | D:12     | Reached skill level 10 in Shields
 14907 | D:12     | Noticed Frances
 15216 | Lair:1   | Entered Level 1 of the Lair of Beasts
 15320 | Lair:1   | Reached skill level 11 in Shields
 15917 | Lair:1   | Learned a level 1 spell: Apportation
 16002 | Lair:1   | Found a runed translucent door.
 16430 | Lair:2   | Reached skill level 12 in Shields
 16430 | Lair:2   | Reached skill level 1 in Fire Magic
 16999 | Lair:2   | Found a staircase to the Swamp.
 17344 | Lair:2   | Identified the ring of Feballic {rN+ Str+6}
 18230 | Lair:3   | Found a hole to the Spider Nest.
 18285 | Lair:3   | Reached XP level 13. HP: 65/100 MP: 9/21
 19311 | Lair:3   | Noticed HoaS's ghost (journeyman GrHu)
 19406 | Lair:3   | Found a transporter.
 19407 | Lair:3   | Found a bloodstained altar of Trog.
 19414 | Lair:3   | Found a transporter.
 19874 | Lair:4   | Reached skill level 5 in Fire Magic
 19954 | Lair:4   | Found a frozen archway.
 19969 | IceCv    | Entered an ice cave
 21608 | IceCv    | Found a viscous altar of Jiyva.
 21608 | IceCv    | Noticed an azure jelly
 21648 | IceCv    | Killed an azure jelly
 21668 | IceCv    | Identified the ring "Biabak" {Ice rElec Will- Int+4 Dex+3}
 22888 | Lair:4   | HP: 3/100 [cloud of flame (22)]
 22889 | Lair:4   | Succumbed to a cane toad's poison

Illustrated notes

Levels and vault maps discovered:
D:1:      nzn_arrival_depleted_hourglass, layout_basic
D:2:      kennysheep_six_static_rooms, layout_basic, serial_shops,
          nicolae_shop_bloodbath_and_beyond, nicolae_kite_square_tiling_tiny
D:3:      layout_basic, shapermc_ecumenical_altar_hornbeckon,
          cheibrodos_sewer_entry_drain, minmay_close_crescents
D:4:      layout_layer_cave, mainiacjoe_overflow_big_doors, uniq_edmund
D:5:      layout_basic, nicolae_overflow_crystal_walls, uniq_ijyb
D:6:      layout_basic, serial_shops, kennysheep_mini,
          amcnicky_mini_corridor_feature, chequers_serial_rivers_marsh,
          minmay_misc_feat_more_columns, corner_web_ring,
          minmay_increasing_density, uniq_menkaure
D:7:      layout_loops_corners, jmf_multi_god_temple2, lemuel_temple_firewalk_b
D:8:      layout_cave_pools, hangedman_decor_diamond_cutter
D:9:      hangedman_cross_stitches, layout_basic, serial_shops, shop,
          minmay_circle_x
D:10:     layout_rooms, tso_altar, minmay_unpleasant_kobolds, uniq_erica
D:11:     layout_loops_cross, dpeg_lair_monsters, lemuel_flamethrower_2
D:12:     layout_loops_corners, david_orc_3, uniq_azrael, uniq_frances
D:13:     layout_rooms, serial_shops, shop
Lair:1:   gammafunk_indiana_jones, layout_hall_layers
Lair:2:   layout_layer_cave, skrybe_swamp_entry_bodies, lemuel_fruit_fields
Lair:3:   layout_regular_city, spider_nest_entry_web_field,
          gammafunk_ghost_wrathful_warriors, pond
Lair:4:   layout_big_grid, portal_ice_cave_entry_ice_simulacra,
          grunt_megastairs_4, infiniplex_staircase_pool_2, serial_bayou_shore_b,
          serial_bayou_shore_b

Skill      XL: |  1  2  3  4  5  6  7  8  9 10 11 12 13 |
---------------+----------------------------------------+-----
Ranged Weapons | 2 3 4 5 6 |  6.0
Hexes          | 3 4 5 6 7 9 |  9.0
Fighting       | 2 3 4 5 |  5.0
Spellcasting   | 2 3 5 8 |  8.0
Invocations    | 1 3 5 7 10 11 | 11.6
Poison Magic   | 4 8 9 |  9.3
Shields        | 7 12 | 12.0
Fire Magic     | 2 6 |  6.6
Dodging        | |  1.7

Action                   |  1- 3 |  4- 6 |  7- 9 | 10-12 | 13-15 || total
-------------------------+-------+-------+-------+-------+-------++-------
Melee: Sling             |       |       |     6 |       |       ||     6
 Fire: Sling             |   142 |   122 |   371 |   662 |   443 ||  1740
 Cast: Inner Flame       |       |       |     6 |    40 |    42 ||    88
       Slow              |       |       |     7 |    20 |     8 ||    35
       Cause Fear        |       |       |     2 |    19 |     8 ||    29
       Poisonous Vapours |       |       |       |    25 |       ||    25
       Olgreb's Toxic Ra |       |       |       |    48 |    18 ||    66
       Portal Projectile |       |       |       |     3 |     2 ||     5
       Apportation       |       |       |       |       |     5 ||     5
Invok: Wall of Briars    |       |     2 |     1 |     4 |     5 ||    12
       Grow Oklob        |       |       |       |       |     2 ||     2
       Overgrow          |       |       |       |       |     1 ||     1
 Abil: Breathe Lightning |       |       |    15 |    19 |     1 ||    35
Evoke: Condenser vane    |       |       |       |     1 |       ||     1
       Wand              |       |       |       |    12 |    10 ||    22
  Use: Scroll            |     6 |     1 |     7 |    17 |     5 ||    36
       Potion            |       |       |       |     2 |     5 ||     7
Armor: Skin              |    24 |    14 |   112 |   128 |    72 ||   350
Dodge: Dodged            |    44 |    35 |   110 |   175 |    90 ||   454
Block: Buckler           |       |       |       |    37 |       ||    37
       Kite shield       |       |       |       |   229 |   205 ||   434

Table legend: (Time is in decaauts)
 A = Elapsed time spent in this place.
 B = Non-inter-level travel time spent in this place.
 C = Inter-level travel time spent in this place.
 D = Time resting spent in this place.
 E = Time spent auto-exploring this place.
 F = Levels seen in this place.
 G = Mean time per level.
                   A        B        C        D        E       F      G
               +--------+--------+--------+--------+--------+-----+--------+
         Total |  23372 |  22984 |    388 |   7311 |  11171 |  19 | 1230.1 |
       Dungeon |  15362 |  15046 |    316 |   4068 |   8163 |  13 | 1181.7 |
          Lair |   5726 |   5654 |     72 |   1914 |   2828 |   4 | 1431.5 |
         Sewer |    248 |    248 |      0 |      0 |    172 |   1 |  248.0 |
      Ice Cave |   2034 |   2034 |      0 |   1328 |      7 |   1 | 2034.0 |
               +--------+--------+--------+--------+--------+-----+--------+

Top non-repeatable levels by time:
    D:11: 2130 daAuts
  Lair:2: 2120 daAuts
   IceCv: 2034 daAuts
     D:9: 1976 daAuts
    D:10: 1512 daAuts
  Lair:3: 1499 daAuts
     D:6: 1321 daAuts
    D:12: 1321 daAuts
     D:5: 1318 daAuts
     D:4: 1268 daAuts
     D:7: 1253 daAuts
  Lair:4: 1066 daAuts
  Lair:1: 1040 daAuts
     D:3: 971 daAuts
     D:2: 845 daAuts
